 Dungeon Crawl Stone Soup version 0.21-a0-283-g622b906 (webtiles) character file.

73 KristoblXynda the Charlatan (level 4, -1/35 HPs)
             Began as a Draconian Artificer on Sept 24, 2017.
             Slain by Sigmund
             ... wielding a +0 scythe of flaming
              (8 damage)
             ... on level 3 of the Dungeon.
             The game lasted 00:03:54 (2437 turns).

KristoblXynda the Charlatan (Draconian Artificer)   Turns: 2437, Time: 00:03:55

Health: -1/35      AC:  8    Str: 15    XL:     4   Next: 8%
Magic:  6/6        EV: 13    Int: 12    God:
Gold:   182        SH:  0    Dex: 11    Spells: 3/3 levels left

rFire    . . .     SeeInvis .   j - +0 whip
rCold    . . .     Gourm    .   (no shield)
rNeg     . . .     Faith    .   (armour unavailable)
rPois    .         Spirit   .   (helmet restricted)
rElec    .         Reflect  .   e - +0 cloak
rCorr    .         Harm     .   (no gloves)
MR       .....                  k - +1 pair of boots
Stlth    +.........             (no amulet)
HPRegen  0.11/turn              (no ring)
MPRegen  0.10/turn              (no ring)

@: flying
A: unfitting armour, cold-blooded, AC +5
a: no special abilities


You were on level 3 of the Dungeon.
You were not hungry.

You visited 1 branch of the dungeon, and saw 3 of its levels.

You collected 182 gold pieces.

Inventory:

Hand Weapons
 j - a +0 whip (weapon)
Armour
 e - a +0 cloak (worn)
 k - a +1 pair of boots (worn)
Jewellery
 m - a +3 ring of intelligence {unknown}
Wands
 b - a wand of flame (46/48)
 c - a wand of enslavement (15/24)
 d - a wand of random effects (15/48)
Scrolls
 n - 2 scrolls of enchant weapon
Comestibles
 f - 3 bread rations
 g - 3 meat rations
 h - a royal jelly
 p - 3 fruits
 q - a chunk of flesh


   Skills:
 - Level 1.1 Fighting
   Level 1.9 Short Blades
 + Level 0.6 Maces & Flails
 + Level 3.1 Dodging
 - Level 0.8 Stealth
 + Level 3.5 Evocations


You had 3 spell levels left.
You didn't know any spells.

Dungeon Overview and Level Annotations

Branches:
Dungeon (3/15)

Altars:
Cheibriados
Dithmenos
Elyvilon
Xom

Annotations:
D:3 Sigmund, Terence


Innate Abilities, Weirdness & Mutations

Your plain brown scales are hard. (AC +5)
You cannot fit into any form of body armour.
You are cold-blooded and may be slowed by cold attacks.


Message History

Sigmund hits you from afar with a scythe of flaming!
Sigmund burns you.
* * * LOW HITPOINT WARNING * * *
The hobgoblin barely misses you. Terence closely misses you.
You hit Terence.
Terence is lightly wounded.
The hobgoblin hits you but does no damage.
Sigmund hits you but does no damage. Terence hits you with a trident.
* * * LOW HITPOINT WARNING * * *
A rat comes into view.
You closely miss Terence.
Terence is lightly wounded.
The rat moves out of view.
The hobgoblin hits you but does no damage.
Terence closely misses you.
A hobgoblin comes into view. It is wielding a club.
You hit Terence.
Your tail-slap misses Terence.
Terence is lightly wounded.
Sigmund hits you from afar with a scythe of flaming!
You die...

... #> #g# #.##.#
#.##.# ##...$. ..##S#
#.##@# ##.##g# #...@@#
#..#########
#..........#
.........######.#
.#####.#........#######
#.#######......... #.
#.######## #. #.# #.
#.#


You could see Sigmund, Terence, 2 hobgoblins and a ball python.

Vanquished Creatures
  2 adders
  A worm (D:2)
  A dart slug (D:1)
  2 leopard geckos (D:2)
  5 bats
  4 giant cockroaches
  5 goblins
  6 hobgoblins
  4 jackals (D:1)
  5 kobolds
  A quokka (D:2)
  3 frilled lizards
  4 rats
43 creatures vanquished.

Notes
Turn   | Place    | Note
-------+----------+-------------------------------------------
     0 | D:1      | KristoblXynda the Draconian Artificer began the quest for the Orb.
     0 | D:1      | Reached XP level 1. HP: 16/16 MP: 3/3
   422 | D:1      | Reached XP level 2. HP: 23/23 MP: 4/4
  1331 | D:2      | Reached XP level 3. HP: 21/28 MP: 5/5
  1415 | D:2      | Found a white marble altar of Elyvilon.
  1771 | D:2      | Found a shadowy altar of Dithmenos.
  1924 | D:2      | Found a shimmering altar of Xom.
  2372 | D:3      | Found a snail-covered altar of Cheibriados.
  2379 | D:3      | Reached XP level 4. HP: 35/35 MP: 6/6
  2425 | D:3      | Noticed Terence
  2427 | D:3      | Noticed Sigmund
  2437 | D:3      | Slain by Sigmund

Vault maps used:
D:1:      minmay_arrival_semitransparent
D:2:      lemuel_round_altar, elyvilon_altar_4, lemuel_round_altar,
          minmay_close_crescents
D:3:      cheibriados_altar_1, kennysheep_okawaru_gauntlet, uniq_terence,
          uniq_crazy_yiuf_cottage, uniq_sigmund, uniq_robin, uniq_ijyb

Skill      XL: |  1  2  3 |
---------------+----------+-----
Dodging        | 2 3 |  3.1
Fighting       | |  1.1
Short Blades   | |  1.9
Maces & Flails | |  0.6
Stealth        | |  0.8
Evocations     | |  3.5

Action                   |  1- 3 |  4- 6 || total
-------------------------+-------+-------++-------
Melee: Short sword       |    52 |       ||    52
       Tailslap          |    16 |     4 ||    20
       Whip              |   126 |    10 ||   136
Evoke: Wand              |     3 |       ||     3
  Use: Scroll            |     3 |     2 ||     5
       Potion            |       |     2 ||     2
 Stab: Sleeping          |     2 |       ||     2
  Eat: Chunk             |     5 |       ||     5
Armor: Skin              |    64 |     7 ||    71
Dodge: Dodged            |   123 |     8 ||   131

Table legend:
 A = Spawn XP
 B = Non-spawn XP
 C = Spawn XP percentage of total XP
 D = Spawn monster count
 E = Non-spawn monster count
 F = Spawn count percentage of total count
 G = Total turns spent on level
                    A         B        C        D         E        F      G
               +---------+---------+-------+---------+---------+-------+---------
         Total |       0 |     105 |   0.0 |       0 |      43 |   0.0 |  2437
               +---------+---------+-------+---------+---------+-------+---------
           D:1 |       0 |      36 |   0.0 |       0 |      19 |   0.0 |  1321
           D:2 |       0 |      51 |   0.0 |       0 |      20 |   0.0 |  1031
           D:3 |       0 |      18 |   0.0 |       0 |       4 |   0.0 |    85
               +---------+---------+-------+---------+---------+-------+---------
